TEX
ARKANSAS TRAVELERS @ SPRINGFIELD CARDINALS
05/25/2099
 
TOP OF THE 1ST
Arkansas Travelers batting - Pitching for Springfield Cardinals : RHP Jonas Miranda
Pitching: RHP Jonas Miranda
Batting: RHB Vince McKnight 0-0: Fly out, F7 (Flyball, 78M, EV 91.9 MPH)
Batting: RHB David Hardy 0-0: Called Strike
0-1: Swinging Strike
0-2: Strikes out looking
Batting: LHB Bobby Errington 0-0: Called Strike
0-1: Ball
1-1: Called Strike
1-2: SOLO HOME RUN (Flyball, 78XD, EV 101.9 MPH), Distance : 395 ft
Batting: LHB Matt Johansen 0-0: Ball
1-0: Ball
2-0: Ball
3-0: Called Strike
3-1: Foul Ball, location: 2F
3-2: Strikes out swinging
Top of the 1st over - 1 run, 1 hit, 0 errors, 0 left on base; Arkansas 1 - Springfield 0
BOTTOM OF THE 1ST
Springfield Cardinals batting - Pitching for Arkansas Travelers : RHP Josh Reed
Pitching: RHP Josh Reed
Batting: RHB Michael Ray 0-0: Ball
1-0: Ground out 5-3 (Groundball, 56, EV 87.5 MPH)
Batting: LHB Josh Crawford 0-0: Ball
1-0: Ball
2-0: Ball
3-0: Called Strike
3-1: Called Strike
3-2: Foul Ball, location: 3FF
3-2: Foul Ball, location: 2F
3-2: SINGLE (Line Drive, 78S, EV 100.0 MPH)
Batting: RHB Bob Lopez 0-0: Called Strike
0-1: DOUBLE (Line Drive, 7LM, EV 106.3 MPH)
Josh Crawford to third
Runner from 3rd tries for Home, SAFE, throw by LF to trailing runner, SAFE at third!
Batting: RHB Carlos Canto 0-0: Ground out 4-3 (Groundball, 34, EV 86.3 MPH)
Batting: RHB Pedro Colon 0-0: Ball
1-0: Fly out, F7 (Flyball, 7S, EV 90.0 MPH)
Bottom of the 1st over - 1 run, 2 hits, 0 errors, 1 left on base; Arkansas 1 - Springfield 1
TOP OF THE 2ND
Arkansas Travelers batting - Pitching for Springfield Cardinals : RHP Jonas Miranda
Batting: RHB Dan Bouldin 0-0: Called Strike
0-1: Ball
1-1: Ball
2-1: SINGLE (Line Drive, 9S, EV 93.1 MPH)
Batting: LHB Adrian Ellis 0-0: Called Strike
Dan Bouldin steals 2nd base
0-1: Foul Ball, location: 7LDF
0-2: Ball
1-2: Foul Ball, location: 5F
1-2: Ball
2-2: Ball
3-2: Foul Ball, location: 2F
3-2: Strikes out looking
Batting: RHB Jonathan Baynham 0-0: DOUBLE (Flyball, 89D, EV 99.4 MPH)
Dan Bouldin scores
Batting: RHB Jason Glennon 0-0: Hit by Pitch
Batting: RHB Cody Murray 0-0: Ball
1-0: Ball
2-0: Called Strike
2-1: Swinging Strike
2-2: Strikes out swinging
Batting: RHB Vince McKnight 0-0: Swinging Strike
0-1: Foul Ball, location: 5DF
0-2: Ball
1-2: Strikes out swinging
Top of the 2nd over - 1 run, 2 hits, 0 errors, 2 left on base; Arkansas 2 - Springfield 1
BOTTOM OF THE 2ND
Springfield Cardinals batting - Pitching for Arkansas Travelers : RHP Josh Reed
Batting: RHB Sansan Loureiro 0-0: Fly out, F8 (Flyball, 8LM, EV 83.1 MPH)
Batting: RHB Jeff Hamill 0-0: Called Strike
0-1: SINGLE (Flyball, 8RS, EV 91.9 MPH)
Batting: RHB Gabriel Galindo 0-0: Called Strike
0-1: SINGLE (Line Drive, 4M, EV 58.1 MPH)
Jeff Hamill to second
Batting: RHB Rick Novak 0-0: Ball
1-0: Called Strike
1-1: Ball
2-1: Foul Ball, location: 2F
2-2: Ball
3-2: SINGLE (Groundball, 56D, EV 110.6 MPH)
Jeff Hamill to third
Gabriel Galindo to second
Batting: RHB Michael Ray 0-0: Ball
1-0: Ball
2-0: Called Strike
2-1: Fly out, F9 (Flyball, 9D, EV 87.5 MPH)
Runner from 3rd tags up, OUT at HOME! 9-2
Bottom of the 2nd over - 0 runs, 3 hits, 0 errors, 2 left on base; Arkansas 2 - Springfield 1
TOP OF THE 3RD
Arkansas Travelers batting - Pitching for Springfield Cardinals : RHP Jonas Miranda
Batting: RHB David Hardy 0-0: Ball
1-0: Foul Ball, location: 5FF
1-1: Fly out, F8 (Flyball, 89D, EV 108.1 MPH)
Batting: LHB Bobby Errington 0-0: Ball
1-0: Fly out, F8 (Line Drive, 78D, EV 88.1 MPH)
Batting: LHB Matt Johansen 0-0: Called Strike
0-1: Ground out 4-3 (Groundball, 4MD, EV 103.8 MPH)
Top of the 3rd over - 0 runs, 0 hits, 0 errors, 0 left on base; Arkansas 2 - Springfield 1
BOTTOM OF THE 3RD
Springfield Cardinals batting - Pitching for Arkansas Travelers : RHP Josh Reed
Batting: LHB Josh Crawford 0-0: Ball
1-0: Swinging Strike
1-1: Ball
2-1: Ball
3-1: Called Strike
3-2: Foul Ball, location: 25F
3-2: Foul Ball, location: 2F
3-2: Strikes out looking
Batting: RHB Bob Lopez 0-0: Ball
1-0: Ball
2-0: Ball
3-0: Foul Ball, location: 9LSF
3-1: Ground out 6-3 (Groundball, 6D, EV 100.0 MPH)
Batting: RHB Carlos Canto 0-0: Called Strike
0-1: Foul Ball, location: 5FF
0-2: Strikes out swinging
Bottom of the 3rd over - 0 runs, 0 hits, 0 errors, 0 left on base; Arkansas 2 - Springfield 1
TOP OF THE 4TH
Arkansas Travelers batting - Pitching for Springfield Cardinals : RHP Jonas Miranda
Batting: RHB Dan Bouldin 0-0: Foul Ball, location: 7LMFF
0-1: Ball
1-1: SINGLE (Line Drive, 89S, EV 94.4 MPH)
Batting: LHB Adrian Ellis 0-0: Called Strike
0-1: Grounds into double play, 2-4-3 (Groundball, 2L, EV 73.1 MPH)
Batting: RHB Jonathan Baynham 0-0: Ball
1-0: Called Strike
1-1: Ball
2-1: Called Strike
2-2: Foul Ball, location: 3DF
2-2: Foul Ball, location: 3DF
2-2: Foul Ball, location: 2F
2-2: Foul Ball, location: 9LDF
2-2: Ball
3-2: Ground out 6-3 (Groundball, 6MD, EV 97.5 MPH)
Top of the 4th over - 0 runs, 1 hit, 0 errors, 0 left on base; Arkansas 2 - Springfield 1
BOTTOM OF THE 4TH
Springfield Cardinals batting - Pitching for Arkansas Travelers : RHP Josh Reed
Batting: RHB Pedro Colon 0-0: Ball
1-0: Swinging Strike
1-1: Called Strike
1-2: Foul Ball, location: 9LDF
1-2: Ball
2-2: Ball
3-2: Fly out, F9 (Flyball, 89XD, EV 108.1 MPH)
Batting: RHB Sansan Loureiro 0-0: Ball
1-0: Swinging Strike
1-1: Foul Ball, location: 3FF
1-2: Ball
2-2: SINGLE (Line Drive, 78S, EV 91.9 MPH)
Batting: RHB Jeff Hamill 0-0: Called Strike
0-1: Foul Ball, location: 9LMF
0-2: Ball
1-2: Ball
2-2: Ball
3-2: Foul Ball, location: 23F
3-2: Fly out, F8 (Flyball, 8RXD, EV 101.3 MPH)
Batting: RHB Gabriel Galindo 0-0: Called Strike
0-1: Foul Ball, location: 5FF
0-2: Strikes out swinging
Bottom of the 4th over - 0 runs, 1 hit, 0 errors, 1 left on base; Arkansas 2 - Springfield 1
TOP OF THE 5TH
Arkansas Travelers batting - Pitching for Springfield Cardinals : RHP Jonas Miranda
Batting: RHB Jason Glennon 0-0: Fly out, F9 (Flyball, 9, EV 96.3 MPH)
Batting: RHB Cody Murray 0-0: Reached via error on a dropped throw from SS, E3 (Groundball, 56, EV 80.6 MPH)
Batting: RHB Vince McKnight 0-0: Foul Ball, location: 2F
0-1: Grounds into double play, 6-4-3 (Groundball, 56, EV 86.9 MPH)
Top of the 5th over - 0 runs, 0 hits, 1 error, 0 left on base; Arkansas 2 - Springfield 1
BOTTOM OF THE 5TH
Springfield Cardinals batting - Pitching for Arkansas Travelers : RHP Josh Reed
Batting: RHB Rick Novak 0-0: Foul Ball, location: 2F
0-1: Ball
1-1: Called Strike
1-2: Ball
2-2: Strikes out swinging
Batting: RHB Michael Ray 0-0: Fly out, F8 (Flyball, 89M, EV 83.1 MPH)
Batting: LHB Josh Crawford 0-0: Swinging Strike
0-1: Foul Ball, location: 3FF
0-2: Foul Ball, location: 5DF
0-2: Ball
1-2: DOUBLE (Flyball, 7LD, EV 95.6 MPH)
Batting: RHB Bob Lopez 0-0: Called Strike
0-1: Ball
1-1: Called Strike
1-2: Ball
2-2: Fly out, F7 (Flyball, 78S, EV 90.0 MPH)
Bottom of the 5th over - 0 runs, 1 hit, 0 errors, 1 left on base; Arkansas 2 - Springfield 1
TOP OF THE 6TH
Arkansas Travelers batting - Pitching for Springfield Cardinals : RHP Jonas Miranda
Batting: RHB David Hardy 0-0: Ball
1-0: Foul Ball, location: 2F
1-1: Ball
2-1: SINGLE (Line Drive, 8RS, EV 106.3 MPH)
Batting: LHB Bobby Errington 0-0: Called Strike
0-1: Ball
1-1: Grounds into double play, 6-4-3 (Groundball, 6S, EV 81.3 MPH)
Batting: LHB Matt Johansen 0-0: Foul Ball, location: 25F
0-1: Ball
1-1: Called Strike
1-2: Strikes out swinging
Top of the 6th over - 0 runs, 1 hit, 0 errors, 0 left on base; Arkansas 2 - Springfield 1
BOTTOM OF THE 6TH
Springfield Cardinals batting - Pitching for Arkansas Travelers : RHP Josh Reed
Batting: RHB Carlos Canto 0-0: Called Strike
0-1: Ball
1-1: Foul Ball, location: 5SF
1-2: Strikes out swinging
Pitching: RHP Juan Estrada
Batting: RHB Pedro Colon 0-0: Ball
1-0: Swinging Strike
1-1: Fly out, F9 (Flyball, 89M, EV 83.1 MPH)
Batting: RHB Sansan Loureiro 0-0: Fly out, F9 (Flyball, 9, EV 91.3 MPH)
Bottom of the 6th over - 0 runs, 0 hits, 0 errors, 0 left on base; Arkansas 2 - Springfield 1
TOP OF THE 7TH
Arkansas Travelers batting - Pitching for Springfield Cardinals : RHP Jonas Miranda
Batting: RHB Dan Bouldin 0-0: Called Strike
0-1: Ball
1-1: Swinging Strike
1-2: Fly out, F8 (Flyball, 8LD, EV 93.1 MPH)
Batting: LHB Adrian Ellis 0-0: Ball
1-0: Ball
2-0: Swinging Strike
2-1: Foul Ball, location: 7LDF
2-2: Ground out 6-3 (Groundball, 6, EV 84.4 MPH)
Batting: RHB Jonathan Baynham 0-0: Ball
1-0: Called Strike
1-1: Ball
2-1: Fly out, F7 (Flyball, 7LSF, EV 89.4 MPH)
Top of the 7th over - 0 runs, 0 hits, 0 errors, 0 left on base; Arkansas 2 - Springfield 1
BOTTOM OF THE 7TH
Springfield Cardinals batting - Pitching for Arkansas Travelers : RHP Juan Estrada
Batting: RHB Jeff Hamill 0-0: Fly out, F6 (Popup, P, EV 78.1 MPH)
Pinch Hitting: RHB Dave Mora 0-0: Foul Ball, location: 9LDF
0-1: Ball
1-1: Ground out 6-3 (Groundball, 56, EV 90.0 MPH)
Pinch Hitting: RHB Josh Howard 0-0: Called Strike
0-1: Foul Ball, location: 7LDF
0-2: Ground out 6-3 (Groundball, 6, EV 103.8 MPH)
Bottom of the 7th over - 0 runs, 0 hits, 0 errors, 0 left on base; Arkansas 2 - Springfield 1
TOP OF THE 8TH
Arkansas Travelers batting - Pitching for Springfield Cardinals : RHP Jonas Miranda
Now at 2B: Josh Howard
Now at SS: Pedro Colon
Now in CF: Dave Mora
Now in RF: Michael Ray
Batting: RHB Jason Glennon 0-0: Fly out, F9 (Line Drive, 9, EV 93.1 MPH)
Batting: RHB Cody Murray 0-0: Foul Ball, location: 3SF
0-1: Foul Ball, location: 2F
0-2: Ball
1-2: Foul Ball, location: 2F
1-2: Strikes out swinging
Batting: RHB Vince McKnight 0-0: Called Strike
0-1: Called Strike
0-2: Ball
1-2: Foul Ball, location: 2F
1-2: SOLO HOME RUN (Line Drive, 7D, EV 107.5 MPH), Distance : 408 ft
Batting: RHB David Hardy 0-0: Called Strike
0-1: Called Strike
0-2: Strikes out looking
Top of the 8th over - 1 run, 1 hit, 0 errors, 0 left on base; Arkansas 3 - Springfield 1
BOTTOM OF THE 8TH
Springfield Cardinals batting - Pitching for Arkansas Travelers : RHP Juan Estrada
Now in RF: Nate Voit
Batting: RHB Michael Ray 0-0: Ball
1-0: Ball
2-0: Ball
3-0: Called Strike
3-1: Swinging Strike
3-2: Base on Balls
Batting: LHB Josh Crawford 0-0: Ball
1-0: Foul Ball, location: 2F
1-1: Foul Ball, location: 2F
1-2: Fielders Choice at 2nd, 5-4 (Groundball, 56, EV 80.6 MPH)
Batting: RHB Bob Lopez 0-0: Hit by Pitch
Josh Crawford to second
Batting: LHB Mike Bownds 0-0: Called Strike
0-1: Foul Ball, location: 2F
0-2: Foul Ball, location: 25FF
0-2: Ball
1-2: Ball
2-2: Ball
3-2: Foul Ball, location: 7LMF
3-2: Foul Ball, location: 7LSF
3-2: Fielders Choice at 2nd, 3-6 (Groundball, 34, EV 85.6 MPH)
Josh Crawford to third
Batting: RHB Pedro Colon 0-0: SINGLE (Groundball, 6MD, EV 96.3 MPH)
Josh Crawford scores
Mike Bownds to second
Pinch Hitting: RHB Juan Pineda 0-0: Foul Ball, location: 2F
0-1: Ball
1-1: Called Strike
1-2: Strikes out swinging
Bottom of the 8th over - 1 run, 1 hit, 0 errors, 2 left on base; Arkansas 3 - Springfield 2
TOP OF THE 9TH
Arkansas Travelers batting - Pitching for Springfield Cardinals : RHP Jonas Miranda
Now at 3B: Juan Pineda
Batting: LHB Bobby Errington 0-0: Ball
1-0: SINGLE (Line Drive, 5D, EV 101.3 MPH)
Batting: LHB Matt Johansen 0-0: Ball
1-0: 2-RUN HOME RUN (Flyball, 89XD, EV 105.0 MPH), Distance : 389 ft
Pitching: LHP Jeff Pritchard
Batting: RHB Dan Bouldin 0-0: Ball
1-0: Ground out 5-3 (Groundball, 56S, EV 69.4 MPH)
Batting: LHB Adrian Ellis 0-0: Foul Ball, location: 9LSF
0-1: Foul Ball, location: 7LDF
0-2: Ball
1-2: Ball
2-2: Strikes out swinging
Batting: RHB Jonathan Baynham 0-0: Ball
1-0: Fly out, F9 (Flyball, 89M, EV 90.6 MPH)
Top of the 9th over - 2 runs, 2 hits, 0 errors, 0 left on base; Arkansas 5 - Springfield 2
BOTTOM OF THE 9TH
Springfield Cardinals batting - Pitching for Arkansas Travelers : RHP Juan Estrada
Batting: RHB Jeff Hamill 0-0: Ball
1-0: Called Strike
1-1: Swinging Strike
1-2: Strikes out swinging
Batting: RHB Dave Mora 0-0: Ball
1-0: Foul Ball, location: 2F
1-1: SINGLE (Groundball, 34D, EV 95.6 MPH)
Pitching: RHP Dave Jackson
Batting: RHB Josh Howard 0-0: Foul Ball, location: 25F
0-1: Called Strike
0-2: Ball
1-2: 2-RUN HOME RUN (Flyball, 89XD, EV 105.0 MPH), Distance : 404 ft
Batting: RHB Michael Ray 0-0: Called Strike
0-1: Ball
1-1: Foul Ball, location: 2F
1-2: Strikes out swinging
Batting: LHB Josh Crawford 0-0: Ball
1-0: Ball
2-0: Swinging Strike
2-1: Ball
3-1: SINGLE (Line Drive, 56, EV 103.1 MPH)
Batting: RHB Bob Lopez 0-0: Ball
1-0: Ball
2-0: Ball
3-0: Base on Balls
Josh Crawford to second
Batting: LHB Mike Bownds 0-0: Fly out, F8 (Flyball, 8LM, EV 95.0 MPH)
Bottom of the 9th over - 2 runs, 3 hits, 0 errors, 2 left on base; Arkansas 5 - Springfield 4
Saturday, May 4th , 2024 - OOTP Baseball 24.11 Build 85